 Dungeon Crawl Stone Soup version 0.27.1-34-g3ba077fa99 (webtiles) character file.

Game seed: 5227838808153577808

7907 ticklebelly the Cleaver (level 11, -3/104 HPs)
             Began as a Minotaur Berserker on Jan 7, 2022.
             Was a High Priest of Trog.
             Shot with an arrow by a centaur (5 damage)
             ... on level 8 of the Dungeon.
             The game lasted 00:22:42 (10057 turns).

ticklebelly the Cleaver (Minotaur Berserker)       Turns: 10057, Time: 00:22:42

Health: -3/104     AC: 20    Str: 24    XL:     11   Next: 2%
Magic:  10/10      EV:  9    Int:  4    God:    Trog [*****.]
Gold:   491        SH:  0    Dex: 11    Spells: 10/10 levels left

rFire    . . .     SeeInvis .   M - +8 mace "Deacao" {vorpal, rPois rC+ Will-}
rCold    + . .     Faith    .   (no shield)
rNeg     . . .     Spirit   .   j - +0 plate armour
rPois    +         Reflect  .   (helmet restricted)
rElec    .         Harm     .   (no cloak)
rCorr    .         Rampage  .   l - +0 pair of gloves
Will     .....                  (no boots)
Stlth    ..........             (no amulet)
HPRegen  0.27/turn              A - +4 ring of protection
MPRegen  0.12/turn              K - ring of flight

@: on berserk cooldown, flying, slowed, very slow
A: horns 2, retaliatory headbutt
a: Renounce Religion, Berserk, Trog's Hand, Brothers in Arms


You were on level 8 of the Dungeon.
You worshipped Trog.
Trog was extremely pleased with you.
You visited 1 branch of the dungeon, and saw 9 of its levels.

You collected 491 gold pieces.

Inventory:

Hand Weapons
 c - a +0 war axe
 w - a +0 battleaxe
 G - a +1 mace of holy wrath
 M - the +8 mace "Deacao" (weapon) {vorpal, rPois rC+ Will-}
   (You took it off a centaur on level 8 of the Dungeon)

   It inflicts extra damage upon your enemies.
   rC:        It protects you from cold.
   rPois:     It protects you from poison.
   Will:      It decreases your willpower.
Missiles
 s - 3 boomerangs (quivered)
 z - 4 silver boomerangs
Armour
 g - a +0 buckler
 j - a +0 plate armour (worn)
 l - a +0 pair of gloves (worn)
Jewellery
 o - a ring of ice
 y - an amulet of guardian spirit
 A - a +4 ring of protection (left hand)
 F - a ring of fire
 K - a ring of flight (right hand)
Wands
 u - a wand of flame (19)
 D - a wand of mindburst (16)
 E - a wand of iceblast (7)
 H - a wand of polymorph (6)
Scrolls
 a - a scroll of holy word {unknown}
 d - 12 scrolls of identify {unknown}
 f - a scroll of brand weapon {unknown}
 h - 4 scrolls of fog {unknown}
 k - 6 scrolls of teleportation {unknown}
 p - 5 scrolls of fear {unknown}
 r - 2 scrolls of amnesia {unknown}
 v - 2 scrolls of magic mapping {unknown}
 C - 2 scrolls of immolation {unknown}
 J - a scroll of blinking {unknown}
 L - a scroll of enchant armour {unknown}
Potions
 b - a potion of attraction {unknown}
 e - 2 potions of ambrosia {unknown}
 i - 3 potions of degeneration {unknown}
 m - a potion of flight {unknown}
 n - 3 potions of heal wounds {unknown}
 q - a potion of magic {unknown}
 t - a potion of invisibility {unknown}
 x - 3 potions of curing {unknown}
 B - a potion of lignification {unknown}
 I - 2 potions of brilliance {unknown}


   Skills:
 + Level 11.9 Fighting
 + Level 11.9 Axes
 + Level 10.8 Armour
 + Level 5.7 Dodging


You had 10 spell levels left.
You didn't know any spells.
Your spell library was empty.

Dungeon Overview and Level Annotations

Branches:
Dungeon (9/15)             Temple (0/1) D:6            Lair (0/6) D:8
    Orc: D:9-12

Altars:
Gozag

Shops:
D:3 :   D:4 (?*[   D:6 !


Innate Abilities, Weirdness & Mutations

You have a pair of horns on your head.
You reflexively headbutt those who attack you in melee.


Message History

The arrow barely misses you.
Things that are here:
+0 steam dragon scales; a steam dragon corpse You feel a strong urge to attack something.
The centaur shoots an arrow.
The arrow hits you but does no damage.
The boulder beetle curls into a ball and begins rolling!
Found a stone staircase leading up.
The centaur shoots an arrow.
The arrow hits you but does no damage.
You feel your anger nearly subside. The boulder beetle hits you!!
The boulder beetle stops rolling and uncurls.
You sock the boulder beetle!
You headbutt the boulder beetle, but do no damage.
The boulder beetle is heavily wounded.
You are no longer berserk.
You are exhausted.
You feel yourself slow down.
The centaur shoots an arrow.
The arrow hits you but does no damage. The boulder beetle bites you!!
* * * LOW HITPOINT WARNING * * *
You sock the boulder beetle!
The boulder beetle is severely wounded.
The centaur shoots an arrow.
The arrow hits you!
* * * LOW HITPOINT WARNING * * *
The boulder beetle bites you but does no damage.
The centaur shoots an arrow.
The arrow barely misses you.
You hit the boulder beetle but do no damage.
You headbutt the boulder beetle, but do no damage.
The boulder beetle is severely wounded.
The centaur shoots an arrow.
The arrow hits you!
* * * LOW HITPOINT WARNING * * *
The boulder beetle leaps!
The centaur shoots an arrow.
The arrow hits you but does no damage.
The boulder beetle curls into a ball and begins rolling!
The centaur shoots an arrow.
The arrow hits you but does no damage.
Aiming: Polymorph
Press: ? - help, Shift-Dir - straight line, f - centaur
Aim: a centaur, wielding a +0 shortbow and quivering arrows (will become a killer bee, a worm, or a scorpion, chance to affect: 46%)
The centaur resists with some effort.
The centaur shoots an arrow.
The arrow hits you.
You die...

##....###...........
##....##
##..........
#######....##
#..........
#...B.......##
##.........
.............#
#..[......
.......[.....#
##....))..
.............##
##....>.#
..............#
#....###
..........@...#
##...##
...........°..#
###..##
..............#
#...#
...c..........#
##..#
.#............# ##..
...........### ##.
......<.### #.
......# ## #


You could see a boulder beetle (rolling) and a centaur.

Vanquished Creatures
  A centaur warrior (D:9)
  A two-headed ogre (D:8)
  Pikel (D:5)
  A troll (D:9)
  Sigmund (D:2)
  6 humans (D:7)
  Grum (D:9)
  3 steam dragons
  The ghost of Flarelocke the Slasher, an amateur DsGl (D:4)
  4 water moccasins
  2 ice beasts
  5 orc warriors
  2 black bears (D:8)
  3 wolves (D:9)
  2 centaurs (D:8)
  3 phantoms
  2 kobold brigands (D:9)
  3 lemures (D:5)
  2 gnoll sergeants
  5 bullfrogs
  2 scorpions
  A wyvern zombie (D:6)
  A wyvern skeleton (D:6)
  6 killer bees (D:8)
  A water moccasin skeleton (D:6)
  7 wights
  A howler monkey (D:6)
  A jelly (D:7)
  A centaur zombie (D:5)
  A gnoll shaman (D:8)
  2 hounds
  A bullfrog skeleton (D:5)
  4 orc priests
  2 centaur skeletons
  Terence (D:2)
  3 iguanas
  8 orc wizards
  10 gnolls
  A howler monkey zombie (D:5)
  9 adders
  A white imp (D:5)
  An ufetubus (D:6)
  3 dart slugs
  36 orcs
  3 endoplasms
  3 giant cockroaches
  7 goblins
  5 hobgoblins
  18 kobolds
  4 quokkas
  8 ball pythons
  A bat (D:3)
  A frilled lizard (D:2)
  A jackal zombie (D:5)
  6 rats
210 creatures vanquished.

Vanquished Creatures (others)
  47 fungi (D:8)
  51 plants
98 creatures vanquished.

Grand Total: 308 creatures vanquished

Notes
Turn   | Place    | Note
-------+----------+-------------------------------------------
     0 | D:1      | ticklebelly the Minotaur Berserker began the quest for the
                  | Orb.
     0 | D:1      | Reached XP level 1. HP: 19/19 MP: 0/0
   429 | D:1      | Reached XP level 2. HP: 27/27 MP: 1/1
   664 | D:1      | Found a faded altar of an unknown god.
  1285 | D:2      | Noticed Terence
  1292 | D:2      | Reached XP level 3. HP: 17/34 MP: 2/2
  1298 | D:2      | Killed Terence
  1627 | D:2      | Noticed Sigmund
  1632 | D:2      | Killed Sigmund
  1633 | D:2      | Reached XP level 4. HP: 40/44 MP: 3/3
  1633 | D:2      | Reached XP level 5. HP: 45/50 MP: 4/4
  1961 | D:2      | Found an opulent altar of Gozag.
  2016 | D:3      | Reached ** piety under Trog
  2173 | D:3      | Reached XP level 6. HP: 57/57 MP: 5/5
  2345 | D:3      | Found Tefritz's Book Shoppe.
  2910 | D:4      | Found an opulent altar of Gozag.
  3316 | D:4      | Found Naubuto's General Store.
  3316 | D:4      | Found Hyum Siph's Antique Weapon Shoppe.
  3317 | D:4      | Found Naropacw's Armour Shoppe.
  3317 | D:4      | Found Qoilar's Magic Scroll Shoppe.
  3410 | D:4      | Found a runed translucent door.
  3415 | D:4      | Noticed Flarelocke's ghost (amateur DsGl)
  3423 | D:4      | Reached *** piety under Trog
  3424 | D:4      | Reached XP level 7. HP: 64/64 MP: 6/6
  3431 | D:4      | Killed Flarelocke's ghost
  3966 | D:5      | Entered Level 5 of the Dungeon
  4067 | D:5      | Reached skill level 5 in Armour
  4232 | D:5      | Reached XP level 8. HP: 49/74 MP: 7/7
  4667 | D:5      | Noticed Pikel
  4683 | D:5      | Killed Pikel
  5466 | D:6      | Found a staircase to the Ecumenical Temple.
  5485 | D:6      | Reached XP level 9. HP: 70/84 MP: 8/8
  5641 | D:6      | Found Lung's Distillery.
  6239 | D:7      | Reached skill level 10 in Fighting
  6239 | D:7      | Reached skill level 10 in Axes
  6422 | D:7      | Reached **** piety under Trog
  7615 | D:8      | Noticed a two-headed ogre
  7628 | D:9      | Reached XP level 10. HP: 70/94 MP: 9/9
  7628 | D:9      | Noticed a centaur warrior
  7637 | D:9      | Killed a centaur warrior
  7833 | D:9      | Noticed Grum
  7847 | D:9      | Killed Grum
  8193 | D:9      | Reached skill level 10 in Armour
  8846 | D:9      | Reached ***** piety under Trog
  9266 | D:8      | Reached skill level 5 in Dodging
  9592 | D:8      | Identified the +8 mace "Deacao" {vorpal, rPois rC+ Will-}
  9656 | D:8      | Found a staircase to the Lair.
  9720 | D:8      | Killed a two-headed ogre
  9721 | D:8      | Reached XP level 11. HP: 94/104 MP: 10/10
 10038 | D:8      | Noticed a boulder beetle
 10056 | D:8      | HP: 2/104 [centaur/arrow (8)]
 10057 | D:8      | Shot with an arrow by a centaur

Illustrated notes

Levels and vault maps discovered:
D:1:      scummos_arrival_checkerplants, layout_loops_corners,
          shapermc_ecumenical_altar_acropolis
D:2:      kennysheep_big_flooded_room, layout_basic, basic_altar, uniq_terence,
          uniq_sigmund
D:3:      layout_rooms, serial_shops, shop, minmay_pentangle
D:4:      layout_layer_cave, mainiacjoe_overflow_paths, ebering_ghost_sewer_d,
          minmay_shop_grid_forest
D:5:      layout_layer_cave, enter_ossuary_3, uniq_pikel
D:6:      layout_rooms, minmay_temple_entry_overgrown, serial_shops,
          shop_fountains
D:7:      layout_basic, minmay_ruffians
D:8:      layout_cave_pods, due_lair_maze_entry_diamond
D:9:      lemuel_ogre_cave, layout_loops_cross, grunt_ministairs_7,
          grunt_decor_one_mirror, minmay_misc_feat_encased, uniq_grum

Skill      XL: |  1  2  3  4  5  6  7  8  9 10 |
---------------+-------------------------------+-----
Fighting       | 4 6 7 9 10 11 | 11.9
Axes           | 4 6 7 9 10 11 | 11.9
Armour         | 4 5 7 9 10 | 10.8
Dodging        | 5 |  5.7

Action                   |  1- 3 |  4- 6 |  7- 9 | 10-12 || total
-------------------------+-------+-------+-------+-------++-------
Melee: War axe           |    36 |    84 |   279 |   177 ||   576
       Hand axe          |     2 |       |       |       ||     2
       Headbutt          |     2 |    16 |    56 |    39 ||   113
       Mace              |       |       |       |    16 ||    16
Throw: Boomerang         |       |     1 |       |    14 ||    15
Invok: Berserk           |     1 |       |     3 |     4 ||     8
       Trog's Hand       |       |       |     1 |     1 ||     2
Evoke: Wand              |       |       |       |     1 ||     1
 Stab: Sleeping          |     1 |       |       |       ||     1
Armor: Animal skin       |     2 |       |       |       ||     2
       Scale mail        |     6 |    38 |    58 |       ||   102
       Chain mail        |       |       |    17 |       ||    17
       Plate armour      |       |       |    99 |   162 ||   261
Dodge: Dodged            |    25 |    49 |   118 |   104 ||   296
